Map: Abyssal Reef LE

Players

Neeb - Winner!

  • Race: Protoss Protoss
  • Spawn Location: 5:00

TLO

  • Race: Zerg Zerg
  • Spawn Location: 11:00

Event: WCS Austin 2017

VOD

Have the link to the VOD?

Description

Time

  • Played on: April 28, 2017, 10:02 p.m.
  • Length: 14:47

All games in this series

Show
View Real Time Build Order
Export as new Build Order

Neeb Protoss - Winner!

Build Orders: 1 Gate Expand, Oracle Opening 

Get SALT Encoding   

  12  0:00  Probe (Chrono Boost)  
  13  0:11  Probe (Chrono Boost)  
  14  0:18  Pylon  
  14  0:22  Probe (Chrono Boost)  
  15  0:36  Probe (Chrono Boost), Gateway  
  15  0:42  Assimilator  
  16  0:47  Probe (Chrono Boost)  
  17  0:57  Probe (Chrono Boost)  
  18  1:08  Probe (Chrono Boost)  
  19  1:19  Nexus  
  19  1:22  Probe (Chrono Boost)  
  20  1:31  Cybernetics Core  
  20  1:35  Probe (Chrono Boost)  
  21  1:41  Assimilator  
  21  1:45  Probe (Chrono Boost)  
  22  1:51  Pylon  
  22  1:56  Probe (Chrono Boost)  
  23  2:05  Adept  
  23  2:08  Warp Gate  
  23  2:10  Probe (Chrono Boost)  
  27  2:23  Probe (Chrono Boost)  
  27  2:32  Stargate, Adept  
  27  2:33  Probe (Chrono Boost)  
  27  2:35  Probe (Chrono Boost)  
  32  2:44  Probe (Chrono Boost)  
  32  2:47  Probe (Chrono Boost)  
  33  2:54  Probe (Chrono Boost)  
  33  2:56  Pylon, Adept  
  35  2:59  Probe (Chrono Boost)  
  38  3:14  Probe (Chrono Boost)  
  38  3:17  Pylon  
  38  3:19  Probe (Chrono Boost)  
  37  3:25  Probe (Chrono Boost)  
  38  3:29  Probe (Chrono Boost)  
  39  3:35  Pylon  
  39  3:36  Probe (Chrono Boost), Oracle  
  39  3:38  Gateway  
  39  3:40  Gateway  
  41  3:41  Probe (Chrono Boost)  
  41  3:46  Probe (Chrono Boost), Pylon  
  45  3:52  Twilight Council  
  46  3:55  Probe (Chrono Boost)  
  46  3:57  Probe (Chrono Boost)  
  47  4:03  Twilight Council  
  47  4:07  Probe (Chrono Boost)  
  47  4:08  Probe (Chrono Boost)  
  49  4:11  Assimilator, Oracle  
  49  4:12  Pylon  
  52  4:18  Probe (Chrono Boost)  
  52  4:20  Resonating Glaives  
  52  4:21  Probe (Chrono Boost)  
  54  4:36  Nexus  
  54  4:38  Probe (Chrono Boost)  
  56  4:39  Probe (Chrono Boost)  
  56  4:46  Adept x2  
  56  4:47  Adept  
  56  4:49  Probe (Chrono Boost)  
  56  4:52  Phoenix  
  63  4:54  Probe (Chrono Boost)  
  66  5:02  Probe (Chrono Boost)  
  66  5:05  Pylon  
  67  5:09  Adept x3  
  73  5:18  Probe (Chrono Boost)  
  73  5:20  Assimilator  
  76  5:22  Mothership Core (Chrono Boost)  
  76  5:24  Pylon  
  76  5:30  Probe (Chrono Boost)  
  76  5:31  Adept x3  
  83  5:37  Pylon  
  83  5:42  Probe x2 (Chrono Boost)  
  77  5:50  Probe (Chrono Boost)  
  77  5:54  Probe (Chrono Boost)  
  77  5:55  Adept x2  
  77  5:56  Adept  
  85  5:58  Probe (Chrono Boost)  
  85  6:00  Probe (Chrono Boost)  
  86  6:06  Probe (Chrono Boost)  
  86  6:08  Robotics Facility  
  86  6:09  Assimilator  
  86  6:10  Forge, Probe (Chrono Boost)  
  89  6:11  Probe (Chrono Boost)  
  89  6:14  Assimilator  
  89  6:16  Sentry x3  
  96  6:18  Probe (Chrono Boost)  
  96  6:22  Probe (Chrono Boost)  
  96  6:23  Probe (Chrono Boost)  
  98  6:30  Probe (Chrono Boost)  
  98  6:32  Probe (Chrono Boost)  
  96  6:35  Probe (Chrono Boost), Protoss Ground Weapons Level 1  
  93  6:43  Probe x2 (Chrono Boost)  
  93  6:45  Gateway  
  93  6:46  Gateway  
  96  6:47  Probe (Chrono Boost)  
  96  6:49  Pylon  
  96  6:51  Warp Prism  
  96  6:54  Probe (Chrono Boost)  
  96  6:55  Probe (Chrono Boost)  
  96  6:59  Probe (Chrono Boost)  
  99  7:03  Templar Archives  
  97  7:08  Nexus  
  93  7:16  Gateway  
  93  7:18  Gateway  
  93  7:21  Adept x2  
  93  7:22  Immortal, Gateway  
  93  7:23  Adept  
  93  7:24  Pylon  
  99  7:41  Probe (Chrono Boost)  
  100  7:45  High Templar x2  
  100  7:46  High Templar  
  100  7:49  Probe x2 (Chrono Boost)  
  108  7:53  Pylon  
  108  7:57  Pylon  
  108  7:58  Pylon x2  
  108  7:59  Observer  
  108  8:01  Pylon  
  108  8:03  High Templar x2  
  113  8:06  Photon Cannon, Phoenix  
  113  8:08  Pylon  
  115  8:13  Stargate  
  115  8:15  Photon Cannon  
  115  8:24  Archon  
  115  8:27  Phoenix  
  115  8:28  High Templar x2  
  115  8:29  Photon Cannon  
  115  8:32  Probe x2 (Chrono Boost)  
  123  8:37  Archon  
  123  8:39  High Templar  
  116  8:41  Photon Cannon  
  116  8:42  Probe (Chrono Boost)  
  116  8:43  Probe (Chrono Boost), Photon Cannon  
  116  8:44  Probe x2 (Chrono Boost)  
  116  8:46  Photon Cannon  
  116  8:47  Pylon  
  116  8:48  Photon Cannon  
  119  8:49  Photon Cannon, Phoenix  
  119  8:51  Assimilator  
  119  8:54  Probe x2 (Chrono Boost)  
  119  8:55  Assimilator, Immortal  
  121  8:56  Probe (Chrono Boost)  
  121  8:57  Archon  
  121  9:00  Archon  
  121  9:02  Phoenix  
  125  9:10  Stalker x4  
  125  9:11  Phoenix  
  133  9:19  Protoss Ground Weapons Level 2  
  133  9:27  Phoenix  
  135  9:32  Photon Cannon  
  135  9:34  Photon Cannon  
  131  9:40  Phoenix  
  131  9:45  High Templar  
  135  9:52  Stalker x3, Nexus  
  140  9:56  Stalker x2  
  140  9:57  Probe (Chrono Boost)  
  138  10:04  Phoenix  
  138  10:05  Probe (Chrono Boost)  
  138  10:06  Probe (Chrono Boost)  
  140  10:19  Phoenix  
  140  10:23  Warp Prism  
  140  10:24  Pylon  
  140  10:25  High Templar  
  142  10:36  Phoenix  
  142  10:43  High Templar x2  
  142  10:45  High Templar x2  
  142  10:46  Blink  
  150  10:50  Gateway  
  150  10:51  Archon x2, Phoenix, Gateway  
  150  10:52  Archon  
  150  10:53  Gateway  
  150  10:56  Gateway  
  152  10:59  Assimilator  
  152  11:01  Assimilator  
  152  11:04  Photon Cannon  
  152  11:05  Photon Cannon  
  152  11:06  Photon Cannon  
  152  11:08  Photon Cannon  
  152  11:09  Photon Cannon  
  152  11:10  Photon Cannon  
  152  11:11  Fleet Beacon  
  152  11:12  Photon Cannon  
  152  11:16  Photon Cannon  
  152  11:17  Photon Cannon  
  152  11:20  Pylon  
  152  11:21  Stalker x5  
  152  11:22  Stalker  
  152  11:25  Pylon  
  160  11:33  Zealot x2  
  159  11:49  Zealot x6  
  163  12:15  Templar Archives  
  147  12:21  Phoenix  
  131  12:24  Anion Pulse-Crystals  
  131  12:25  Phoenix  
  131  12:26  Nexus  
  123  12:32  Pylon  
  123  12:33  Sentry x2  
  123  12:36  Stalker x6  
  123  12:37  Stalker x3  
  143  13:00  Adept x12  
  141  13:28  High Templar x4  
  141  13:29  High Templar x5, Warp Prism  
  161  13:35  High Templar  
  161  13:38  Archon x3  
  161  13:39  Archon x2  
  161  13:52  High Templar x2  
  163  13:57  Archon  
  163  14:02  Pylon  
  163  14:05  Phoenix  
  163  14:09  Phoenix  
  163  14:24  Zealot x12  
  187  14:33  Photon Cannon  
Show
View Real Time Build Order
Export as new Build Order

TLO Zerg 

Build Orders: Hatch First 

Get SALT Encoding   

  12  0:00  Drone  
  13  0:12  Overlord  
  13  0:17  Drone  
  14  0:30  Drone  
  14  0:31  Drone  
  16  0:50  Hatchery  
  16  0:53  Drone  
  16  0:58  Drone  
  17  1:11  Spawning Pool  
  17  1:14  Drone  
  17  1:17  Drone  
  18  1:20  Extractor  
  18  1:23  Drone  
  18  1:28  Drone  
  19  1:39  Overlord  
  19  1:58  Queen, Zergling x2  
  19  2:00  Zergling x2  
  23  2:01  Queen  
  23  2:04  Zergling x2  
  26  2:11  Drone  
  26  2:12  Drone  
  28  2:25  Drone  
  28  2:26  Drone  
  30  2:37  Hatchery  
  29  2:45  Queen  
  29  2:47  Zergling x2  
  32  2:55  Overlord, Metabolic Boost  
  32  2:59  Drone  
  33  3:08  Drone  
  33  3:10  Queen  
  34  3:14  Drone  
  34  3:15  Drone  
  34  3:17  Drone  
  36  3:21  Drone  
  36  3:22  Drone  
  36  3:24  Drone  
  37  3:31  Overlord  
  37  3:32  Drone  
  38  3:34  Drone  
  38  3:37  Drone  
  38  3:41  Spore Crawler  
  39  3:44  Drone  
  39  3:45  Drone  
  39  3:46  Drone  
  42  3:49  Drone  
  42  3:51  Drone  
  44  3:56  Drone  
  44  3:57  Drone, Spore Crawler  
  44  3:59  Drone  
  46  4:03  Zergling x2  
  46  4:06  Zergling x2  
  46  4:08  Drone, Baneling Nest  
  47  4:11  Drone  
  47  4:12  Drone  
  47  4:14  Zergling x2  
  47  4:15  Zergling x2  
  47  4:16  Drone  
  52  4:19  Zergling x2  
  52  4:20  Zergling x2  
  52  4:23  Overlord  
  54  4:26  Overlord  
  54  4:29  Drone  
  54  4:30  Drone  
  55  4:33  Drone  
  55  4:38  Zergling x6  
  56  4:40  Overlord  
  58  4:46  Drone x2  
  58  4:47  Zergling x4  
  58  4:48  Drone  
  58  4:52  Drone x2, Zergling x4  
  67  4:56  Baneling  
  67  4:57  Baneling  
  67  4:59  Evolution Chamber, Baneling x2  
  66  5:00  Drone  
  66  5:06  Drone  
  67  5:08  Drone  
  67  5:09  Drone x4  
  67  5:14  Drone  
  73  5:19  Spore Crawler  
  70  5:21  Drone x2  
  70  5:22  Drone x4  
  70  5:27  Extractor x2  
  74  5:29  Overlord  
  74  5:30  Overlord  
  74  5:31  Zergling x4  
  76  5:36  Zergling x4  
  77  5:47  Zergling x2, Overlord  
  76  5:52  Lair  
  76  5:53  Overlord  
  76  5:55  Drone x5  
  80  5:59  Zergling x4  
  80  6:00  Zergling x4  
  80  6:01  Zergling x2  
  80  6:02  Hatchery  
  81  6:09  Roach Warren  
  81  6:10  Drone x4  
  81  6:11  Extractor  
  83  6:12  Zergling x2  
  83  6:13  Baneling x3  
  85  6:20  Baneling x3  
  85  6:21  Zergling x2  
  85  6:24  Zergling x2, Hatchery  
  85  6:25  Baneling x4  
  86  6:26  Zergling x2  
  86  6:27  Zergling x4  
  86  6:32  Zergling x2  
  83  6:33  Zergling x4  
  83  6:35  Zergling x6  
  83  6:38  Zergling x2  
  89  6:40  Drone  
  89  6:42  Drone  
  89  6:44  Evolution Chamber  
  89  6:45  Drone  
  89  6:46  Drone x2  
  93  6:51  Drone  
  93  6:52  Drone, Spire  
  93  6:53  Extractor  
  93  6:55  Drone x3  
  93  6:59  Extractor  
  95  7:07  Hatchery  
  95  7:08  Drone x5  
  93  7:11  Overlord x2  
  91  7:16  Zerg Melee Weapons Level 1  
  91  7:17  Overlord  
  91  7:19  Drone x4  
  94  7:25  Overlord x2, Extractor  
  94  7:27  Overlord  
  92  7:35  Spore Crawler  
  91  7:38  Overlord  
  91  7:40  Overlord  
  91  7:43  Drone  
  90  7:46  Extractor  
  90  7:47  Zergling x6  
  90  7:49  Overlord  
  91  7:55  Hatchery  
  90  7:59  Zergling x4  
  90  8:00  Zergling x4  
  90  8:03  Mutalisk, Zerg Flyer Weapons Level 1  
  90  8:04  Mutalisk x3  
  102  8:09  Mutalisk x5  
  112  8:13  Spore Crawler  
  112  8:14  Mutalisk  
  113  8:22  Mutalisk  
  115  8:34  Zergling x6  
  116  8:35  Zergling x2  
  116  8:36  Zergling x16  
  116  8:38  Zergling x4  
  124  8:41  Mutalisk  
  124  8:42  Mutalisk  
  124  8:44  Mutalisk x2  
  124  8:45  Zergling x6  
  124  8:48  Zergling x2  
  136  8:52  Mutalisk  
  136  8:53  Zergling x2  
  139  8:55  Baneling  
  139  8:56  Baneling x3  
  139  9:00  Mutalisk  
  139  9:02  Overlord  
  141  9:03  Mutalisk  
  143  9:14  Mutalisk x3  
  143  9:15  Zergling x2  
  143  9:16  Zergling x14  
  155  9:21  Infestation Pit, Zergling x2  
  155  9:27  Zergling x12  
  155  9:28  Zergling x2  
  157  9:35  Zergling x2  
  157  9:36  Zergling x12  
  152  9:40  Corruptor x2  
  152  9:44  Zergling x6  
  152  9:45  Zergling x2  
  157  9:56  Mutalisk  
  157  10:00  Zergling x2  
  157  10:03  Mutalisk x2  
  157  10:06  Mutalisk  
  158  10:10  Zergling x18  
  158  10:13  Mutalisk x3  
  165  10:20  Mutalisk x2  
  167  10:22  Mutalisk x2  
  167  10:27  Mutalisk x2  
  171  10:32  Zergling x2, Mutalisk  
  165  10:35  Zergling x2  
  165  10:36  Zergling x6  
  165  10:38  Zergling x4  
  165  10:39  Mutalisk  
  164  10:42  Mutalisk  
  164  10:44  Zergling x2  
  164  10:49  Mutalisk  
  169  10:56  Zerg Flyer Weapons Level 2  
  169  11:01  Centrifical Hooks  
  169  11:02  Drone x3  
  169  11:03  Drone  
  173  11:05  Drone x3  
  176  11:12  Mutalisk  
  176  11:13  Mutalisk  
  176  11:16  Extractor x2  
  176  11:18  Mutalisk  
  178  11:23  Mutalisk  
  178  11:24  Mutalisk  
  178  11:36  Mutalisk  
  178  11:37  Mutalisk x2  
  173  11:41  Zergling x2  
  173  11:43  Mutalisk  
  169  11:49  Mutalisk  
  169  11:50  Zergling x2  
  169  11:51  Zergling x2  
  169  11:52  Zergling x20  
  169  11:53  Zergling x2, Mutalisk  
  174  11:55  Zergling x2  
  174  11:57  Zergling x2  
  174  11:58  Mutalisk  
  174  12:00  Zergling x2  
  164  12:04  Zergling x4  
  164  12:05  Zergling x2  
  164  12:06  Mutalisk  
  152  12:11  Mutalisk  
  135  12:18  Zergling x2  
  135  12:20  Mutalisk  
  124  12:23  Zergling x4  
  124  12:24  Drone x2, Zergling x4  
  124  12:25  Drone x3  
  124  12:27  Mutalisk  
  124  12:29  Drone  
  130  12:30  Drone x2  
  130  12:35  Corruptor  
  134  12:37  Baneling x3  
  134  12:38  Zergling x2  
  135  12:47  Mutalisk  
  133  12:54  Mutalisk x2  
  133  12:56  Zergling x2  
  133  12:57  Zergling x16  
  146  13:00  Drone  
  147  13:06  Drone x3  
  147  13:08  Drone x2  
  147  13:09  Drone x2  
  147  13:11  Drone  
  153  13:17  Mutalisk x3  
  153  13:19  Drone  
  153  13:21  Overlord  
  153  13:24  Overlord  
  153  13:26  Overlord  
  146  13:31  Hive  
  145  13:36  Drone x4  
  145  13:39  Zergling x2  
  145  13:40  Zergling x2  
  151  13:48  Zergling x2  
  152  13:50  Corruptor  
  152  13:51  Corruptor  
  152  13:52  Zergling x2  
  155  13:56  Infestor  
  155  13:57  Zergling x2  
  155  13:59  Infestor  
  160  14:03  Zergling x2  
  160  14:04  Zergling x8  
  160  14:08  Zergling x2  
  160  14:12  Zergling x2  
  160  14:13  Zergling x12  
  161  14:23  Zergling x2  
  161  14:24  Zergling x6  
  168  14:25  Zergling x2  
  168  14:26  Zergling x2  
Tags
 
Add a new tag
Caveats
  • Supply blocks, unpowered buildings, or Contaminate may cause inaccurate times.
  • Supply counts are checked every 10 seconds.